[Event "Late-Titled-Tuesday-Blitz-May-28-2024"]
[Site "Chess.com"]
[Date "2024.05.28"]
[Round "8"]
[White "swayamsm"]
[Black "WildBizon"]
[Result "0-1"]
[WhiteElo "2571"]
[BlackElo "2734"]
[TimeControl "180+1"]
[EndTime "15:26:03 PDT"]
[Termination "WildBizon won by resignation"]

1. d4 Nf6 2. Nf3 b6 3. c4 Bb7 4. Nc3 g6 5. e3 Bg7 6. Bd3 d5 7. cxd5 Nxd5 8. O-O O-O 9. Qe2 c5 10. dxc5 Nxc3 11. bxc3 bxc5 12. Rb1 Qc7 13. Ba3 Nd7 14. Rfc1 Bxf3 15. gxf3 Ne5 16. Be4 Rab8 17. f4 Nd7 18. Qc4 Rxb1 19. Rxb1 Nb6 20. Qxc5 Rc8 21. Qxe7 Qxe7 22.
Bxe7 Re8 23. Bc5 Rxe4 24. Bxb6 axb6 25. Rxb6 Bxc3 26. Rc6 Ba1 27. Ra6 Rc4 28. Kf1 Rc2 29. a4 Kg7 30. a5 Bf6 31. Ra8 Bh4 32. f3 Rf2+ 33. Ke1 Rxh2+ 34. Kd1 Ra2 35. a6 Bf2 36. e4 h5 37. f5 gxf5 38. exf5 h4 39. Kc1 h3 40. Kb1 Ra5 41. f6+ Kh7 42. Rf8 h2 43. Rxf7+ Kh6 0-1

[Event "Late-Titled-Tuesday-Blitz-May-28-2024"]
[Site "Chess.com"]
[Date "2024.05.28"]
[Round "8"]
[White "Bykov_Egor"]
[Black "Felix-Rose"]
[Result "0-1"]
[WhiteElo "2603"]
[BlackElo "2307"]
[TimeControl "180+1"]
[EndTime "15:26:21 PDT"]
[Termination "Felix-Rose won by resignation"]

1. e4 e5 2. Nf3 Nc6 3. Bb5 a6 4. Bxc6 dxc6 5. d4 exd4 6. Qxd4 Qxd4 7. Nxd4 c5 8. Ne2 Bd7 9. Nbc3 O-O-O 10. Be3 b6 11. a4 a5 12. Nf4 Ne7 13. b3 f5 14.
f3 fxe4 15. fxe4 Nc6 16. Nfd5 Bd6 17. Rd1 Kb7 18. Nb5 Be5 19. O-O Bg4 20. Rd2 Rhf8 21.
Rxf8 Rxf8 22. h3 Be6 23. Rf2 Rxf2 24. Kxf2 Nb4 25. Nxb4 axb4 26. a5 c6 27. axb6 Kxb6 28. c3 cxb5 0-1

[Event "Late-Titled-Tuesday-Blitz-May-28-2024"]
[Site "Chess.com"]
[Date "2024.05.28"]
[Round "8"]
[White "KingCyber19"]
[Black "Abund"]
[Result "0-1"]
[WhiteElo "2630"]
[BlackElo "2829"]
[TimeControl "180+1"]
[EndTime "15:26:27 PDT"]
[Termination "Abund won by resignation"]

1. d4 d5 2. c4 e6 3. g3 dxc4 4. Bg2 c5 5. Nf3 Nc6 6. O-O cxd4 7.
Qa4 Bd7 8. Qxc4 e5 9. e3 Be6 10. Qa4 Qd7 11. exd4 exd4 12. Rd1 Bc5 13. Be3 Rd8 14. Na3 Nf6 15. Nc2 O-O 16. Nfxd4 Nxd4 17. Qxd7 Rxd7 18. Bxd4 Rfd8 19. Bxc5 Rxd1+ 20. Rxd1 Rxd1+ 21. Bf1 Rc1 22. Ne3 Rxc5 0-1

[Event "Late-Titled-Tuesday-Blitz-May-28-2024"]
[Site "Chess.com"]
[Date "2024.05.28"]
[Round "8"]
[White "boguszp"]
[Black "ChEsper99"]
[Result "0-1"]
[WhiteElo "2017"]
[BlackElo "2229"]
[TimeControl "180+1"]
[EndTime "15:26:27 PDT"]
[Termination "ChEsper99 won on time"]

1. d4 d5 2. Nf3 Nf6 3. Bg5 e6 4. c4 dxc4 5. Nc3 Bb4 6. e3 Bxc3+ 7. bxc3 c5 8. Bxc4 cxd4 9. cxd4 Nbd7 10. O-O O-O 11.
Qb3 Qb6 12. Rab1 Qxb3 13. Rxb3 b6 14. Rc1 Bb7 15. Be2 Rac8 16. Rbc3 Rxc3 17. Rxc3 Rc8 18. Rxc8+ Bxc8 19. Nd2 h6 0-1

[Event "Late-Titled-Tuesday-Blitz-May-28-2024"]
[Site "Chess.com"]
[Date "2024.05.28"]
[Round "8"]
[White "howitzer14"]
[Black "Smiechu"]
[Result "1-0"]
[WhiteElo "3019"]
[BlackElo "2456"]
[TimeControl "180+1"]
[EndTime "15:26:33 PDT"]
[Termination "howitzer14 won by resignation"]

1. e4 c5 2. Nf3 g6 3. c4 Nc6 4.
d4 cxd4 5. Nxd4 Nf6 6. Nc3 Nxd4 7. Qxd4 d6 8. f3 Bg7 9. Be3 O-O 10. Qd2 a5 11.
Be2 a4 12. Rc1 Qa5 13. Nb5 Be6 14. Qxa5 Rxa5 15. Nc7 Nd7 16. Rc2 Rc8 17. Nxe6 fxe6 18. Kd2 Ne5 19. Kc1 Nc6 20. Rd2 b5 21. Kb1 bxc4 22.
Bxc4 Nb4 23. Bxe6+ 1-0

[Event "Late-Titled-Tuesday-Blitz-May-28-2024"]
[Site "Chess.com"]
[Date "2024.05.28"]
[Round "8"]
[White "BenchGM"]
[Black "KejJaj"]
[Result "1-0"]
[WhiteElo "2240"]
[BlackElo "2150"]
[TimeControl "180+1"]
[EndTime "15:26:34 PDT"]
[Termination "BenchGM won by resignation"]

1. d4 f5 2. Nf3 Nf6 3. g3 e6 4. Bg2 d5 5. O-O Bd6 6. Nbd2 O-O 7.
c4 c6 8. b3 Nbd7 9. a4 Qe7 10.
Qc2 Ne4 11. Bb2 a5 12. Ne5 Nxe5 13. dxe5 Bc5 14. e3 Nxd2 15. Qxd2 Bb4 16. Qd3 Bd7 17. Rfd1 Be8 18. Bc3 Bh5 19. Rd2 Rad8 20. Rc1 dxc4 21. Bxb4 Qxb4 22. Qxd8 Rxd8 23. Rxd8+ Kf7 24. bxc4 Ke7 25.
Rb8 Be2 26. Bxc6 Qd2 27. Rxb7+ Kf8 28. Rcb1 Bxc4 29. Rd7 Qb4 30. Rxb4 1-0

[Event "Late-Titled-Tuesday-Blitz-May-28-2024"]
[Site "Chess.com"]
[Date "2024.05.28"]
[Round "8"]
[White "Balla_Tamas"]
[Black "GMTalks_Youtube"]
[Result "0-1"]
[WhiteElo "2447"]
[BlackElo "2748"]
[TimeControl "180+1"]
[EndTime "15:26:35 PDT"]
[Termination "GMTalks_Youtube won by resignation"]

1. e4 e5 2. Nf3 Nc6 3. d4 exd4 4. Nxd4 Qf6 5. c3 Bc5 6. Be3 Nge7 7. Be2 O-O 8. O-O d5 9. Nxc6 Qxc6 10.
exd5 Nxd5 11. Bxc5 Qxc5 12. Nd2 Nf6 13. Nb3 Qg5 14.
Bf3 c6 15. Re1 Bf5 16. Nd4 Bd7 17. Qb3 Rab8 18. Re7 c5 19. Nc2 Be6 20. Qb5 a6 21.
Qb6 Nd5 22. Bxd5 Qxe7 23. Re1 Qd8 24. Bxe6 Qxb6 0-1

[Event "Late-Titled-Tuesday-Blitz-May-28-2024"]
[Site "Chess.com"]
[Date "2024.05.28"]
[Round "8"]
[White "probablybad04"]
[Black "gxbg2000"]
[Result "0-1"]
[WhiteElo "2419"]
[BlackElo "2018"]
[TimeControl "180+1"]
[EndTime "15:26:37 PDT"]
[Termination "gxbg2000 won by checkmate"]

1. d4 d5 2. c4 c6 3. Nc3 Nf6 4. Nf3 g6 5. Bf4 Bg7 6. e3 O-O 7. Be2 Nbd7 8. O-O Nb6 9. c5 Nbd7 10. b4 a6 11. a4 Nh5 12. b5 Nxf4 13. exf4 axb5 14.
axb5 Rxa1 15. Qxa1 Qc7 16. g3 f6 17. Re1 e5 18. fxe5 fxe5 19. dxe5 Nxe5 20. Nxe5 Qxe5 21.
Rc1 Qd4 22. Bf1 Qxf2+ 23. Kh1 Bg4 24. Bg2 Qd4 25. bxc6 bxc6 26. Qa4 Rf2 27. Qxd4 Bxd4 28. Nxd5 cxd5 29. Bxd5+ Kg7 30. c6 Be3 31. Rc3 Bh3 32. Bc4 Rd2 33. Bb3 Bg2# 0-1

[Event "Late-Titled-Tuesday-Blitz-May-28-2024"]
[Site "Chess.com"]
[Date "2024.05.28"]
[Round "8"]
[White "carloseduar100"]
[Black "DanylaBagrov"]
[Result "0-1"]
[WhiteElo "2302"]
[BlackElo "2485"]
[TimeControl "180+1"]
[EndTime "15:26:38 PDT"]
[Termination "DanylaBagrov won by resignation"]

1. g3 Nf6 2. Bg2 d6 3. d4 c6 4. Nf3 Nbd7 5. O-O e5 6. dxe5 dxe5 7. b3 Qc7 8. Bb2 Be7 9. Nbd2 O-O 10. e4 Rd8 11. Qe2 a5 12. Rad1 a4 13. Nc4 Ng4 14. h3 b5 15. hxg4 bxc4 16. Qxc4 Ba6 17. Qc3 Bxf1 18.
Bxf1 axb3 19. axb3 Ra5 20. Rxd7 Rxd7 21. Nxe5 Bf6 22. Nxd7 Bxc3 23. Bxc3 Ra2 24. Nc5 Rxc2 25. Na4 Qe7 26. Bd3 Rc1+ 27. Kg2 Qd6 28. Bc4 Qd1 29. f4 Qh1+ 30. Kf2 Qxe4 31. Be2 Rc2 0-1

[Event "Late-Titled-Tuesday-Blitz-May-28-2024"]
[Site "Chess.com"]
[Date "2024.05.28"]
[Round "8"]
[White "Goryachkina"]
[Black "JonasGallasch"]
[Result "1/2-1/2"]
[WhiteElo "2714"]
[BlackElo "2474"]
[TimeControl "180+1"]
[EndTime "15:26:40 PDT"]
[Termination "Game drawn by repetition"]

1. e4 c6 2. d4 d5 3. e5 Bf5 4. h4 h5 5. Bd3 Bxd3 6. Qxd3 Qa5+ 7. Nd2 e6 8. Nf3 Ne7 9. O-O Nf5 10. c4 Be7 11. g3 O-O 12. b3 Rd8 13. Bb2 c5 14.
cxd5 Rxd5 15. Nc4 Qd8 16. Ne3 Nxe3 17. fxe3 cxd4 18. Bxd4 Nc6 19. Qe4 Nxd4 20. exd4 f5 21. exf6 Bxf6 22. Qxe6+ Kh8 23. Rad1 Rc8 24. Qe4 Rc3 25.
Rd3 Rxd3 26. Qxd3 Bxd4+ 27. Nxd4 Rxd4 28. Rf8+ Qxf8 29. Qxd4 Qa3 30. Qd8+ Kh7 31. Qd3+ Kh8 32. Qd8+ Kh7 33. Qd3+ Kh8 34. Qd8+ 1/2-1/2

[Event "Late-Titled-Tuesday-Blitz-May-28-2024"]
[Site "Chess.com"]
[Date "2024.05.28"]
[Round "8"]
[White "el008"]
[Black "RichardShtivelband"]
[Result "1-0"]
[WhiteElo "2555"]
[BlackElo "2382"]
[TimeControl "180+1"]
[EndTime "15:26:41 PDT"]
[Termination "el008 won by resignation"]

1. Nf3 d5 2. g3 Nc6 3. d4 h6 4.
Bg2 Nf6 5. c4 dxc4 6. Nc3 e6 7. e4 Nb4 8. O-O c6 9. Ne5 b5 10. a3 Nd3 11. Nxc6 Qb6 12. d5 Bc5 13. Qe2 O-O 14. a4 exd5 15. exd5 Bg4 16. Qc2 b4 17. a5 Qa6 18. Na4 Bd6 19. Be3 Qb5 20. b3 c3 21.
a6 Nxd5 22. Nd4 Nxe3 23. fxe3 Qe5 24. Qxd3 Rae8 25. Rae1 h5 26. Qb5 Qe7 27. Nc6 Qd7 28.
Nc5 Bxc5 29. Qxc5 h4 30. Qxb4 hxg3 31. hxg3 Rc8 32. Ne7+ 1-0

[Event "Late-Titled-Tuesday-Blitz-May-28-2024"]
[Site "Chess.com"]
[Date "2024.05.28"]
[Round "8"]
[White "th3d4rkness"]
[Black "YellowJacek"]
[Result "1-0"]
[WhiteElo "2184"]
[BlackElo "2357"]
[TimeControl "180+1"]
[EndTime "15:26:46 PDT"]
[Termination "th3d4rkness won by resignation"]

1. e4 c5 2. Nc3 Nc6 3. Bb5 Nd4 4. Bc4 e6 5. Nf3 Nxf3+ 6. Qxf3 a6 7. a4 Qh4 8. d3 Ne7 9. Bf4 Nc6 10. Bg3 Qf6 11.
Qxf6 gxf6 12. Ne2 b6 13. c3 Ne5 14. Nc1 Bb7 15. Bxe5 fxe5 16. Ne2 d5 17. exd5 exd5 18. Bb3 f6 19. Ng3 Kf7 20. O-O Bd6 21. Nf5 Bc7 22. d4 exd4 23. cxd4 c4 24. Bc2 Rhe8 25. Rfe1 b5 26.
axb5 axb5 27. Kf1 b4 28. Rxa8 Bxa8 29. Nh6+ Kg7 30. Rxe8 Kxh6 31. Rxa8 1-0

[Event "Late-Titled-Tuesday-Blitz-May-28-2024"]
[Site "Chess.com"]
[Date "2024.05.28"]
[Round "8"]
[White "lluiss"]
[Black "PNEPaul"]
[Result "0-1"]
[WhiteElo "2159"]
[BlackElo "1931"]
[TimeControl "180+1"]
[EndTime "15:26:49 PDT"]
[Termination "PNEPaul won on time"]

1. Nf3 a6 2. e4 d6 3. d4 g6 4. Bd3 h6 5. O-O Nd7 6. c4 Bg7 7. Nc3 e5 8. Be3 Ne7 9. Qd2 f5 10. dxe5 dxe5 11. Qc2 f4 12. Bd2 O-O 13. Nd5 c6 14.
Nxe7+ Qxe7 15. c5 Kh7 16. b4 g5 17. h3 h5 18. Nh2 Nf6 19. g3 Bxh3 20. Rfe1 Ng4 21.
Nxg4 Bxg4 22. gxf4 gxf4 23. Bf1 Qg5 24. f3 Bxf3+ 0-1

[Event "Late-Titled-Tuesday-Blitz-May-28-2024"]
[Site "Chess.com"]
[Date "2024.05.28"]
[Round "8"]
[White "Viktor_Poddubnyi"]
[Black "N_Mullodzhanov"]
[Result "0-1"]
[WhiteElo "2324"]
[BlackElo "2495"]
[TimeControl "180+1"]
[EndTime "15:26:50 PDT"]
[Termination "N_Mullodzhanov won on time"]

1. e4 c5 2. Nf3 d6 3. d4 cxd4 4.
Nxd4 Nf6 5. Nc3 a6 6. Bg5 e6 7. Qf3 Be7 8. O-O-O Nc6 9. Nxc6 bxc6 10. Bc4 d5 11. exd5 cxd5 12. Bxf6 Bxf6 13. Nxd5 exd5 14. Bxd5 Qb6 15. Qa3 Rb8 16. Rhe1+ Be6 17. Bb3 Bg5+ 18. Kb1 Be7 19. Qa4+ Qb5 0-1

[Event "Late-Titled-Tuesday-Blitz-May-28-2024"]
[Site "Chess.com"]
[Date "2024.05.28"]
[Round "8"]
[White "FuenfgegenWilly"]
[Black "Sanyura"]
[Result "1-0"]
[WhiteElo "2484"]
[BlackElo "2602"]
[TimeControl "180+1"]
[EndTime "15:26:52 PDT"]
[Termination "FuenfgegenWilly won by resignation"]

1. b3 Nf6 2. Bb2 g6 3. Bxf6 exf6 4. c4 Bg7 5. Nc3 f5 6. Rc1 O-O 7. e3 c6 8. g3 d5 9. d4 dxc4 10. bxc4 Re8 11. Nge2 Be6 12. Qd3 Nd7 13. Bg2 Ne5 14. Qb1 Nxc4 15. Qxb7 f4 16. gxf4 Rb8 17. Qxc6 Nxe3 18.
fxe3 Qh4+ 19. Kf1 Bg4 20. Nd5 Rbc8 21. Qb7 Rxc1+ 22. Nxc1 Rc8 23. Ne7+ 1-0

[Event "Late-Titled-Tuesday-Blitz-May-28-2024"]
[Site "Chess.com"]
[Date "2024.05.28"]
[Round "8"]
[White "GarayevKanan"]
[Black "Kielinkei"]
[Result "1-0"]
[WhiteElo "2734"]
[BlackElo "2474"]
[TimeControl "180+1"]
[EndTime "15:26:57 PDT"]
[Termination "GarayevKanan won by resignation"]

1. d4 Nf6 2. c4 e6 3. g3 Bb4+ 4. Nd2 c5 5. Nf3 cxd4 6. a3 Bxd2+ 7. Qxd2 Nc6 8. Nxd4 O-O 9. Bg2 d5 10. cxd5 Nxd4 11.
Qxd4 Nxd5 12. O-O Bd7 13. e4 Ne7 14. Bf4 Bc6 15. Bd6 Qd7 16. Rfd1 Rfd8 17. Qb4 Nc8 18. e5 Bxg2 19. Kxg2 Qc6+ 20. Kg1 Nxd6 21. exd6 Rd7 22. Rac1 Qf3 23. Qa4 Rdd8 24. d7 h6 25. Rc3 Qf6 26.
Rdc1 Qe7 27. Rc8 Qf8 28. Rxa8 Rxa8 29. Rc7 Kh7 30. Qe4+ g6 31. Qxb7 Rd8 32. Rc8 Qe7 33. Rxd8 Qxd8 34. Qc8 1-0

[Event "Late-Titled-Tuesday-Blitz-May-28-2024"]
[Site "Chess.com"]
[Date "2024.05.28"]
[Round "8"]
[White "Dacean99"]
[Black "Redzishchess"]
[Result "1-0"]
[WhiteElo "2599"]
[BlackElo "2461"]
[TimeControl "180+1"]
[EndTime "15:26:58 PDT"]
[Termination "Dacean99 won on time"]

1. e4 c5 2. c3 e6 3. d4 d5 4. exd5 Qxd5 5. Nf3 Nc6 6. Be3 cxd4 7. Nxd4 Nxd4 8.
Qxd4 Qxd4 9. Bxd4 Nf6 10. Bb5+ Bd7 11. Bxd7+ Nxd7 12. O-O e5 13. Be3 Bc5 14. Re1 Bxe3 15.
Rxe3 O-O-O 16. Nd2 f6 17. Nb3 Nb6 18. Rae1 Nc4 19.
R3e2 b6 20. g3 Rd7 21. Kg2 Rhd8 22. h4 a5 23. a4 Kc7 24. h5 h6 25. Kh3 Rd1 26.
Rxd1 Rxd1 27. Kg4 Nd6 28. Rd2 f5+ 29. Kf3 Rb1 30. Re2 Nc4 31. g4 fxg4+ 32. Kxg4 Rxb2 33. Rxb2 Nxb2 34. Kf5 Nxa4 35. Kg6 Nxc3 36. Kxg7 a4 37. Na1 b5 38. Nc2 Nd5 39. Kxh6 b4 40. Kg7 a3 41. h6 b3 42. Nxa3 1-0

[Event "Late-Titled-Tuesday-Blitz-May-28-2024"]
[Site "Chess.com"]
[Date "2024.05.28"]
[Round "8"]
[White "GMG"]
[Black "djano"]
[Result "1-0"]
[WhiteElo "2805"]
[BlackElo "2614"]
[TimeControl "180+1"]
[EndTime "15:26:59 PDT"]
[Termination "GMG won by resignation"]

1. d4 Nf6 2. c4 g6 3. Nc3 Bg7 4.
e4 d6 5. f3 a6 6. Be3 h5 7.
Qd2 Nc6 8. Nge2 Na5 9. Nc1 b5 10.
cxb5 axb5 11. Bxb5+ Bd7 12. Be2 O-O 13. b4 Nc6 14. b5 Na5 15. Rb1 c5 16. dxc5 dxc5 17. O-O Nb7 18. Nd3 Qa5 19. Rfc1 c4 20. Nb2 Rfd8 21. Nxc4 Qc7 22. Bb6 Qb8 23. Bxd8 Qxd8 24. e5 Ne8 25. Rd1 Nc5 26. b6 Qb8 27. Qd5 1-0

[Event "Late-Titled-Tuesday-Blitz-May-28-2024"]
[Site "Chess.com"]
[Date "2024.05.28"]
[Round "8"]
[White "Qvalda"]
[Black "TatjanaVasilevich"]
[Result "0-1"]
[WhiteElo "2398"]
[BlackElo "2576"]
[TimeControl "180+1"]
[EndTime "15:27:06 PDT"]
[Termination "TatjanaVasilevich won by resignation"]

1. d4 Nf6 2. c4 e6 3. Bf4 Bb4+ 4. Nd2 O-O 5. a3 Bxd2+ 6. Qxd2 d5 7. e3 b6 8. Nf3 dxc4 9. Bxc4 Ba6 10. Bxa6 Nxa6 11.
O-O c5 12. Rfd1 cxd4 13. Qxd4 Nc5 14. Qe5 Nd5 15. Bg3 f6 16. Qh5 Qe7 17. b4 Ne4 18.
Qg4 f5 19. Qh3 g5 20. Ne5 Rac8 21. b5 Nec3 22. Re1 Nxb5 23. Qh5 Nbc3 24. h4 g4 25. a4 Ne4 26. a5 Qg7 27. axb6 axb6 28. Nd3 Ndf6 29. Be5 Nxh5 30. Bxg7 Nxg7 31. Nf4 Ra8 32. Rab1 Rab8 33. Red1 Nc3 34. Rdc1 Nxb1 35. Rxb1 b5 0-1

[Event "Late-Titled-Tuesday-Blitz-May-28-2024"]
[Site "Chess.com"]
[Date "2024.05.28"]
[Round "8"]
[White "Charodej1"]
[Black "Byniolus"]
[Result "1/2-1/2"]
[WhiteElo "2496"]
[BlackElo "2734"]
[TimeControl "180+1"]
[EndTime "15:27:10 PDT"]
[Termination "Game drawn by repetition"]

1. e4 d6 2. d4 Nf6 3. Nc3 c6 4. f3 Qb6 5. Bc4 e6 6. Nge2 d5 7. Bd3 Be7 8. O-O Qd8 9. Kh1 b6 10. e5 Nfd7 11. f4 g6 12. f5 exf5 13. g4 fxg4 14. e6 fxe6 15. Ng3 Nf6 16. Bg5 Nbd7 17. Qe2 Nf8 18. Qf2 Kf7 19. Qf4 Kg7 20. Bh6+ Kg8 21.
Bg5 Kg7 22. Bh6+ Kg8 23. Bg5 Kg7 1/2-1/2

[Event "Late-Titled-Tuesday-Blitz-May-28-2024"]
[Site "Chess.com"]
[Date "2024.05.28"]
[Round "8"]
[White "Hirna2005"]
[Black "Alina_Gumerovna"]
[Result "0-1"]
[WhiteElo "2337"]
[BlackElo "2195"]
[TimeControl "180+1"]
[EndTime "15:27:12 PDT"]
[Termination "Alina_Gumerovna won by resignation"]

1. e4 e5 2. Nf3 Nf6 3. Nxe5 d6 4. Nf3 Nxe4 5. Nc3 Nxc3 6. dxc3 Be7 7. Bf4 Nd7 8. Qd2 O-O 9. O-O-O Nf6 10. h3 c5 11. Bd3 Be6 12. a3 b5 13. Ng5 Bc4 14.
Bxc4 bxc4 15. Bxd6 Bxd6 16. Qxd6 Qa5 17. Rhe1 h6 18. Ne4 Nxe4 19. Rxe4 Rad8 20. Qf4 Rxd1+ 21. Kxd1 Qb6 22. Rxc4 Qxb2 23. Qd6 Qa1+ 24. Kd2 Re8 25. Re4 Rxe4 26. Kd3 Qd1+ 27. Kxe4 Qxd6 0-1

[Event "Late-Titled-Tuesday-Blitz-May-28-2024"]
[Site "Chess.com"]
[Date "2024.05.28"]
[Round "8"]
[White "blueryder"]
[Black "Lavandum24"]
[Result "1-0"]
[WhiteElo "2160"]
[BlackElo "1741"]
[TimeControl "180+1"]
[EndTime "15:27:15 PDT"]
[Termination "blueryder won by checkmate"]

1. e4 Nc6 2. d4 e5 3. Nf3 d6 4.
Bc4 Nf6 5. Nc3 Bg4 6. Be3 Bxf3 7. gxf3 exd4 8. Bxd4 Nxd4 9. Qxd4 Qe7 10. O-O-O O-O-O 11. Qxa7 Qe5 12. Bxf7 Qf4+ 13. Kb1 Kd7 14. Qxb7 Nxe4 15.
Nxe4 Qxf7 16. Rhe1 Be7 17. Nc5+ Ke8 18. Ne6 Rd7 19. Qc8+ Rd8 20. Nxd8 Kf8 21. Ne6# 1-0

[Event "Late-Titled-Tuesday-Blitz-May-28-2024"]
[Site "Chess.com"]
[Date "2024.05.28"]
[Round "8"]
[White "atalz0"]
[Black "Boninknights"]
[Result "0-1"]
[WhiteElo "2489"]
[BlackElo "2438"]
[TimeControl "180+1"]
[EndTime "15:27:19 PDT"]
[Termination "Boninknights won by resignation"]

1. d4 Nf6 2. c4 e6 3. Nc3 Bb4 4. Qc2 c5 5. dxc5 Bxc5 6. Nf3 Nc6 7. Bg5 Nd4 8. Nxd4 Bxd4 9. e3 Qa5 10. exd4 Qxg5 11.
Qd2 Qxd2+ 12. Kxd2 d6 13. Be2 Bd7 14. Rhe1 O-O-O 15. g4 g5 16. Bf3 h5 17. gxh5 g4 18.
Ne4 Nxe4+ 19. Bxe4 f5 20. Bg2 Rxh5 21. Rh1 Rdh8 22.
Ke3 Rxh2 23. Kf4 Kc7 24. Kg3 Rxh1 25. Rxh1 Rxh1 26. Bxh1 e5 27. dxe5 dxe5 28. Kh4 f4 29. Be4 a5 30. Bg6 b6 31. Bh5 Kd6 32. Bxg4 Bxg4 33.
Kxg4 Kc5 34. Kf5 Kd4 35. f3 e4 36. fxe4 f3 37. e5 f2 0-1

[Event "Late-Titled-Tuesday-Blitz-May-28-2024"]
[Site "Chess.com"]
[Date "2024.05.28"]
[Round "8"]
[White "Kostukov_Alex"]
[Black "momotaro77"]
[Result "0-1"]
[WhiteElo "2381"]
[BlackElo "2526"]
[TimeControl "180+1"]
[EndTime "15:27:21 PDT"]
[Termination "momotaro77 won by resignation"]

1. g3 d5 2. Bg2 Nf6 3. d3 c6 4. e4 Bg4 5. f3 Bc8 6. e5 Nfd7 7. f4 e6 8. Nf3 c5 9. c4 Nc6 10. cxd5 exd5 11. Nc3 Nb6 12. O-O Be7 13. d4 cxd4 14. Nxd4 h5 15. h3 Nxd4 16. Qxd4 Bf5 17. Nxd5 Nxd5 18. Qxd5 Qxd5 19. Bxd5 O-O-O 20. Bg2 Bc5+ 21.
Kh2 Kb8 22. Bf3 Rd3 23. Kg2 Rhd8 24. Bxh5 Be4+ 25. Rf3 Rd1 26. b4 Bd4 0-1

[Event "Late-Titled-Tuesday-Blitz-May-28-2024"]
[Site "Chess.com"]
[Date "2024.05.28"]
[Round "8"]
[White "GlavkonVVS"]
[Black "MaxLeto"]
[Result "1-0"]
[WhiteElo "2565"]
[BlackElo "2391"]
[TimeControl "180+1"]
[EndTime "15:27:27 PDT"]
[Termination "GlavkonVVS won on time"]

1. c4 e5 2. Nc3 Nc6 3. g3 Nf6 4. Bg2 Bc5 5. e3 O-O 6. Nge2 Re8 7. O-O e4 8. d4 exd3 9. Nf4 d6 10. Nxd3 Bg4 11. Qb3 Bb6 12. h3 Bf5 13. Nd5 Nxd5 14. cxd5 Nb8 15. a4 a5 16. Qc4 Nd7 17. e4 Bg6 18. Nf4 Qf6 19. h4 h6 20. Bd2 Ne5 21. Qc2 Bh7 22. Bc3 Qe7 23. Rae1 Nd7 24. Kh2 Bc5 25.
Nd3 b6 26. f4 f6 27. Qd2 Kh8 28. e5 fxe5 29. fxe5 Bxd3 30. exd6 Qxd6 31. Qxd3 Ne5 32. Qf5 Qe7 33. Rxe5 1-0

[Event "Late-Titled-Tuesday-Blitz-May-28-2024"]
[Site "Chess.com"]
[Date "2024.05.28"]
[Round "8"]
[White "Romadk"]
[Black "Blitz"]
[Result "1-0"]
[WhiteElo "2469"]
[BlackElo "2504"]
[TimeControl "180+1"]
[EndTime "15:27:27 PDT"]
[Termination "Romadk won by checkmate"]

1. d4 d5 2. Nf3 Nf6 3. g3 Bf5 4. Bg2 e6 5. c4 c6 6. Nc3 h6 7. Qb3 Qb6 8. c5 Qc7 9. Bf4 Qc8 10. Nd2 Nbd7 11. e4 dxe4 12. Bxe4 Nxe4 13. Ndxe4 Nf6 14.
Nd6+ Bxd6 15. Bxd6 Ne4 16. Nxe4 Bxe4 17. f3 Bd5 18.
Qe3 b6 19. O-O Qb7 20. b4 a5 21. Rfb1 a4 22. b5 bxc5 23. bxc6 Qxc6 24. dxc5 Bxf3 25.
Rb4 f6 26. Qxe6+ Kd8 27. Qe7+ Kc8 28. Rab1 Bh1 29. Rb8+ Rxb8 30. Rxb8# 1-0

[Event "Late-Titled-Tuesday-Blitz-May-28-2024"]
[Site "Chess.com"]
[Date "2024.05.28"]
[Round "8"]
[White "dennisodessa"]
[Black "Eloist"]
[Result "1/2-1/2"]
[WhiteElo "2545"]
[BlackElo "2450"]
[TimeControl "180+1"]
[EndTime "15:27:33 PDT"]
[Termination "Game drawn by repetition"]

1. d4 e6 2. c4 Nf6 3. Nc3 Bb4 4.
Qc2 c5 5. dxc5 O-O 6. Nf3 Na6 7. Bg5 Nxc5 8. e3 Nce4 9. Bxf6 Qxf6 10. Nd4 Nxc3 11.
bxc3 Bc5 12. Bd3 g6 13. O-O e5 14. Nb5 Qd8 15. Be4 a6 16. Qa4 d6 17. Na3 Bd7 18. Qb3 Bc6 19. Bd5 Bxd5 20. cxd5 b5 21. Nc2 Rb8 22. a4 Qd7 23. Nb4 bxa4 24. Qxa4 Qxa4 25. Rxa4 Bxb4 26. cxb4 Rb6 27. e4 f5 28. exf5 Rxf5 29. Rc1 Rf4 30. Rc6 Rxc6 31. dxc6 Rc4 32. g3 Rxc6 33. Ra5 Kf7 34. b5 axb5 35. Rxb5 Rc7 36. f4 Ke6 37. fxe5 dxe5 38. Kg2 h5 39. h4 Rc2+ 40. Kf3 Kf5 41. Rb6 Rc3+ 42. Kf2 Rc2+ 43. Kf3 e4+ 44. Ke3 Rc3+ 45. Kf2 Rf3+ 46. Kg2 Rd3 47.
Rb5+ Kf6 48. Rb6+ Kf5 49. Rb5+ Kf6 50. Rb6+ Kf5 1/2-1/2

[Event "Late-Titled-Tuesday-Blitz-May-28-2024"]
[Site "Chess.com"]
[Date "2024.05.28"]
[Round "8"]
[White "WindWhistler11"]
[Black "dawid498"]
[Result "0-1"]
[WhiteElo "2522"]
[BlackElo "2673"]
[TimeControl "180+1"]
[EndTime "15:27:35 PDT"]
[Termination "dawid498 won on time"]

1. Nf3 g6 2. g3 Bg7 3. Bg2 Nf6 4. O-O O-O 5. c4 c5 6. Nc3 Nc6 7. a3 a6 8. b4 cxb4 9. axb4 Nxb4 10. d4 d5 11. Ba3 Nc6 12. cxd5 Nxd5 13. Nxd5 Qxd5 14.
Ne5 Qxd4 15. Nxc6 bxc6 16. Qxd4 Bxd4 17. Rac1 Be6 18. Bxc6 Rab8 19. Bxe7 Rfc8 20. Rfd1 Bb2 21.
Rc5 Ba3 22. Ra5 Bxe7 23. Rxa6 Bc4 24. Be4 Bxa6 25. Rd7 Re8 26. Bxg6 hxg6 27. Kg2 Bb7+ 28. Rxb7 Rxb7 29. e3 Kg7 30. e4 f5 31. g4 fxe4 32. h4 Bd6 33. h5 gxh5 34. g5 Rf7 35. f4 Rxf4 0-1

[Event "Late-Titled-Tuesday-Blitz-May-28-2024"]
[Site "Chess.com"]
[Date "2024.05.28"]
[Round "8"]
[White "FairChess_on_YouTube"]
[Black "Jospem"]
[Result "0-1"]
[WhiteElo "3082"]
[BlackElo "3038"]
[TimeControl "180+1"]
[EndTime "15:27:38 PDT"]
[Termination "Jospem won by checkmate"]

1. Nf3 d5 2. g3 e6 3. Bg2 Nf6 4. O-O Be7 5. d3 O-O 6. a4 c5 7. Bf4 Nc6 8. e4 Nh5 9. Bd2 Nf6 10. e5 Nd7 11. Re1 f6 12. exf6 Bxf6 13. Nc3 Nde5 14.
Nxe5 Bxe5 15. f4 Bf6 16. a5 Kh8 17. Kh1 Nd4 18. Be3 Bd7 19. Bg1 Rc8 20. a6 b5 21. Qd2 b4 22. Nd1 Nf5 23. c3 bxc3 24.
bxc3 d4 25. c4 Bc6 26. Rxe6 Bxg2+ 27. Qxg2 Qd7 28. Qe4 Rce8 29. Rxe8 Rxe8 30. Qb7 Qe6 31. Bf2 Qe2 32. Qc6 Qf1+ 33. Bg1 Nxg3+ 34. hxg3 Qh3+ 35.
Bh2 Re1# 0-1

[Event "Late-Titled-Tuesday-Blitz-May-28-2024"]
[Site "Chess.com"]
[Date "2024.05.28"]
[Round "8"]
[White "David_ATM"]
[Black "nabukatnezarr"]
[Result "1/2-1/2"]
[WhiteElo "2423"]
[BlackElo "2638"]
[TimeControl "180+1"]
[EndTime "15:27:41 PDT"]
[Termination "Game drawn by repetition"]

1. e4 a5 2. d4 a4 3. a3 e6 4. Nc3 d5 5. exd5 exd5 6. Nf3 Nf6 7. Bb5+ Bd7 8. Bxd7+ Nbxd7 9. O-O Be7 10. Re1 O-O 11.
Bf4 c6 12. h3 Re8 13. Ne5 Nf8 14. Bh2 Ne6 15. Ne2 Nd7 16. Nxd7 Qxd7 17. c3 Bf6 18.
Nf4 Nxf4 19. Bxf4 b5 20. Qg4 Qxg4 21. hxg4 g5 22. Bd6 Kg7 23. f3 Kg6 24. Kf2 h5 25.
gxh5+ Kxh5 26. g4+ Kg6 27. Rxe8 Rxe8 28. Rh1 Rh8 29. Rxh8 Bxh8 30. Ke3 f5 31. Kd3 fxg4 32. fxg4 Kf7 33. Kc2 Ke6 34. Bb4 Bf6 35. Bc5 Bd8 36.
Kd3 Bc7 37. Bb4 Bf4 38. Bc5 Bc7 39. Bb4 Bb6 40. Bf8 Kd7 41. Bb4 Bd8 42. Bf8 Bc7 43.
Bc5 Bf4 44. Bf8 Kc7 45. Be7 Kb6 46. Bd8+ Kb7 47. Be7 Kc8 48. Bc5 Kd7 49. Bf8 Bc7 50. Bc5 Ba5 51. Bf8 Bb6 52. Bh6 Bd8 53. Bf8 Ke6 54.
Bc5 Kf6 55. Bd6 Bb6 56. Bf8 Kf7 57. Bd6 Kg6 58. Be7 Bc7 59. Bc5 Bf4 60. Be7 Kf7 61. Bc5 Bc1 62. Kc2 Be3 63. Kd3 Bf4 64. Bb4 Ke8 65.
Bc5 Kd7 1/2-1/2